 Dungeon Crawl Stone Soup version 0.30-a0-219-gf2db51d15e (webtiles) character file.

Game seed: 18252592159327799250

11 2tousent the Grasshopper (level 2, -1/25 HPs)
             Began as a Draconian Warper on Oct 6, 2022.
             Succumbed to a goblin's poison
             ... on level 3 of the Dungeon.
             The game lasted 00:01:33 (791 turns).

2tousent the Grasshopper (Draconian Warper)          Turns: 791, Time: 00:01:34

Health: -1/25      AC:  4    Str: 13    XL:     2   Next: 13%
Magic:  5/5        EV: 12    Int: 13    God:
Gold:   74         SH:  0    Dex: 10    Spells: 5/5 levels left

rFire   . . .      SeeInvis .      - Unarmed
rCold   . . .      Faith    .    (no shield)
rNeg    . . .      Spirit   .    (body armour unavailable)
rPois   .          Reflect  .    (helmet restricted)
rElec   .          Harm     .    (no cloak)
rCorr   .          Rampage  .    (no gloves)
Will    .....                    (no boots)
Stlth   +.........               (no amulet)
HPRegen 0.24/turn                (no ring)
MPRegen 0.09/turn                (no ring)

@: lethally poisoned (-1 -> -10)
A: AC +4, unfitting armour, cold-blooded
a: no special abilities


You were on level 3 of the Dungeon.
You visited 1 branch of the dungeon, and saw 3 of its levels.

You collected 74 gold pieces.

Inventory:

Missiles
 b - 7 boomerangs of dispersal (quivered)
Scrolls
 a - 2 scrolls of blinking
 c - a scroll of fog


   Skills:
 + Level 2.4 Fighting
 - Level 0.8 Throwing
 - Level 2.1 Dodging
 * Level 2.5 Unarmed Combat
 - Level 2.0 Spellcasting
 + Level 3.1 Translocations


You had 5 spell levels left.
You didn't know any spells.
Your spell library contained the following spells:

 Spells                   Type           Power      Damage    Failure   Level
 Blink                    Tloc           18%        N/A       11%         2
 Gell's Gravitas          Tloc           9%         N/A       21%         3
 Lesser Beckoning         Tloc           18%        N/A       21%         3
 Teleport Other           Tloc           9%         N/A       21%         3
 Vhi's Electric Charge    Tloc/Air       10%        N/A       36%         3
 Manifold Assault         Tloc           9%         N/A       56%         4
 Dispersal                Tloc           4%         N/A       100%        6


Dungeon Overview and Level Annotations

Branches:
Dungeon (3/15)

Altars:

Annotations:
D:2 Robin


Innate Abilities, Weirdness & Mutations

Your plain brown scales are hard. (AC +4)
You cannot fit into any form of body armour.
You are cold-blooded and may be slowed by cold attacks.


Message History

The goblin attacks as you move away!
The goblin hits you with a +0 dagger of venom.
You are poisoned.
The goblin attacks as you move away! The goblin hits you but does no damage.
You feel very sick.
You feel sick.
Robin laughs in a distinctly smug fashion.
The goblin attacks as you move away! The goblin closely misses you.
The goblin attacks as you move away! The goblin barely misses you.
You feel sick.
You feel sick.
You feel sick. The goblin attacks as you move away!
The goblin barely misses you.
You feel sick.
You feel sick.
You feel sick.
You are no longer poisoned.
Robin roars a battlecry!
The goblins go into a battle-frenzy!
The goblin attacks as you move away!
The goblin hits you with a +0 dagger of venom.
The goblin shoots a sling bullet.
The sling bullet hits you. The goblin attacks as you move away!
The goblin closely misses you.
There is a stone staircase leading down here.
The goblin barely misses you.
You climb downwards.
Found 2 scrolls labelled SISIABROEKK and a battleaxe.
There is a stone staircase leading up here.
You hit the goblin but do no damage.
The goblin hits you with a +0 dagger of venom.
* * * LOW HITPOINT WARNING * * *
You are lethally poisoned!
You hit the goblin.
You kill the goblin!
* * * LOW HITPOINT WARNING * * *
You feel very sick.
You aren't carrying any potions.
You aren't carrying any potions.
Okay, then.
You die...

..... #?#. ....
###....
...#.....#
#........#
........##
#.........
#)...)..#.
##..###<.......
#......@....###
#............#
.....#.......#
#..###.......#
.. ##.....## .
##...## ####


There were no monsters in sight!

Vanquished Creatures
  A giant cockroach (D:1)
  A goblin (D:3)
  2 hobgoblins (D:1)
  3 ball pythons (D:1)
  A frilled lizard (D:2)
  3 kobolds
  A rat (D:1)
12 creatures vanquished.

Notes
Turn   | Place    | Note
-------+----------+-------------------------------------------
     0 | D:1      | 2tousent the Draconian Warper began the quest for the Orb.
     0 | D:1      | Reached XP level 1. HP: 17/17 MP: 3/3
   658 | D:2      | Noticed Robin
   659 | D:2      | Reached XP level 2. HP: 24/25 MP: 5/5
   791 | D:3      | Succumbed to a goblin's poison

Illustrated notes

Levels and vault maps discovered:
D:1:      tarquinn_simple_flora_water_d, layout_loops_ring,
          hangedman_decor_growths
D:2:      layout_loops_cross, hellmonk_ecumenical_altar_prayer_group,
          minmay_heptomino_d4, uniq_jessica, uniq_robin
D:3:      layout_rooms, ebering_ghost_rock_garden

Action                   || total
-------------------------++-------
Melee: Unarmed           ||    39
       Tailslap          ||     4
       Punch             ||     1
  Use: Scroll            ||     2
 Stab: Sleeping          ||     1
Armor: Skin              ||     8
Dodge: Dodged            ||    32

Table legend: (Time is in decaauts)
 A = Elapsed time spent in this place.
 B = Non-inter-level travel time spent in this place.
 C = Inter-level travel time spent in this place.
 D = Time resting spent in this place.
 E = Time spent auto-exploring this place.
 F = Levels seen in this place.
 G = Mean time per level.
                   A        B        C        D        E       F      G
               +--------+--------+--------+--------+--------+-----+--------+
         Total |    789 |    727 |     62 |      0 |    605 |   3 |  263.0 |
       Dungeon |    789 |    727 |     62 |      0 |    605 |   3 |  263.0 |
               +--------+--------+--------+--------+--------+-----+--------+

Top non-repeatable levels by time:
     D:1: 697 daAuts
     D:2: 89 daAuts
     D:3: 2 daAuts
